 Dungeon Crawl Stone Soup version 0.16.1-4-g8e1b745 (webtiles) character file.

1440 Zugr the Grappler (level 8, 0/64 HPs)
             Began as a Minotaur Fighter on Mar 28, 2015.
             Was an Initiate of Cheibriados.
             Slain by Anothat's ghost (9 damage)
             ... on level 6 of the Dungeon.
             The game lasted 00:14:58 (6308 turns).

Zugr the Grappler (Minotaur Fighter)                Turns: 6308, Time: 00:14:58

Health: 0/64       AC: 11    Str: 24    XL:     8   Next: 46%
Magic:  3/3        EV:  7    Int:  6    God:    Cheibriados [......]
Gold:   348        SH:  9    Dex: 11    Spells: 0 memorised, 7 levels left

rFire  . . .     SeeInvis .       - Unarmed
rCold  + . .     Clarity  .     d - +0 chain mail
rNeg   . . .     SustAb   .     c - +0 shield
rPois  .         Gourm    .     (helmet restricted)
rElec  .         Spirit   .     (no cloak)
rCorr  .         Warding  .     (no gloves)
rMut   .         Rnd*Tele +     m - +0 pair of boots
MR     .....                    (no amulet)
Stlth  ..........               l - ring of teleportation (curse)
                                j - ring of protection from cold

@: very slow, not resistant to hostile enchantments, extremely unstealthy
A: retaliatory headbutt, horns 2
a: Bend Time, Renounce Religion, Evoke Teleportation


You were on level 6 of the Dungeon.
You worshipped Cheibriados.
Cheibriados was noncommittal.
You were very hungry.

You visited 2 branches of the dungeon, and saw 7 of its levels.

You collected 348 gold pieces.

Inventory:

Armour
 b - a +0 scale mail
 c - a +0 shield (worn)
 d - a +0 chain mail (worn)
 m - a +0 pair of boots (worn)
Rods
 A - a +0 rod of destruction (9/9)
   (You found it on level 3 of the Dungeon)
Jewellery
 j - a ring of protection from cold (left hand)
 l - a cursed ring of teleportation (right hand)
 t - an uncursed ring of see invisible {unknown}
 B - an uncursed ring of protection from cold
Magical devices
 G - a wand of random effects (30)
 J - a wand of fire (1)
Scrolls
 g - 3 scrolls of magic mapping {unknown}
 o - 2 scrolls of amnesia {unknown}
 u - a scroll of recharging
 v - 4 scrolls of immolation {unknown}
 w - a scroll of fear
 y - 3 scrolls of teleportation {unknown}
 E - a scroll of enchant armour {unknown}
 F - 3 scrolls of remove curse {unknown}
 H - a scroll of fog {unknown}
Potions
 e - 2 potions of might
 i - 2 potions of flight
 k - 2 potions of degeneration
 p - 2 potions of cancellation
 q - a potion of mutation
 r - 2 potions of curing
 s - 2 potions of invisibility
 x - a potion of agility {unknown}
 z - a potion of poison {unknown}
 C - a potion of magic {unknown}
 D - a potion of restore abilities {unknown}
 I - a potion of heal wounds {unknown}
Comestibles
 a - 7 bread rations
 f - a meat ration
 h - 6 fruits
 n - 2 slices of pizza


   Skills:
 - Level 3.6 Fighting
 + Level 5.1 Armour
 + Level 3.2 Dodging
 - Level 3.6 Shields
 + Level 10.5 Unarmed Combat


You had 7 spell levels left.
You didn't know any spells.

Dungeon Overview and Level Annotations

Branches:
Dungeon (6/15)             Temple (1/1) D:6

Altars:
Ashenzari
Cheibriados
Dithmenos
Elyvilon
Fedhas
Gozag
Kikubaaqudgha
Makhleb
Nemelex Xobeh
Okawaru
Qazlal
Ru
Sif Muna
Trog
Vehumet
Xom
Yredelemnul
Zin
The Shining One

Shops:
D:5 (

Annotations:
D:6 Anothat's ghost, experienced HOFi; Edmund


Innate Abilities, Weirdness & Mutations

You reflexively headbutt those who attack you in melee.
You have a pair of horns on your head.


Message History

Anothat's ghost hits you but does no damage.
Edmund zaps a wand.
The puff of flame hits you!
* * * LOW HITPOINT WARNING * * *
You closely miss Anothat's ghost. Your headbutt misses Anothat's ghost.
Anothat's ghost is heavily damaged.
Anothat's ghost hits you!
* * * LOW HITPOINT WARNING * * *
Drink which item? (? for menu, Esc to quit)
You feel better. Anothat's ghost hits you.
* * * LOW HITPOINT WARNING * * *
Edmund hits you with a dire flail.
* * * LOW HITPOINT WARNING * * *
Drink which item? (? for menu, Esc to quit)
You feel better. Anothat's ghost hits you!
* * * LOW HITPOINT WARNING * * *
Edmund zaps a wand.
The puff of flame hits you!
* * * LOW HITPOINT WARNING * * *
Drink which item? (? for menu, Esc to quit)
You feel better. Anothat's ghost hits you!
You die...

#.####..###....######
###......##
####....#.#
.........# ###...##
....###..# ###### #.
##.## #.# ##..### #.#
#....(### ###.#
##†###..÷#####..##
#@)# ###.......###
#.@W.# ###....####
....##..# ##..## #.
##..# #..#######..#
##. #.# #####.......#
#.. #. ##......###.#
. ###....>#..#
#.....#..# #....#..##


You could see Edmund and Anothat's ghost.

Vanquished Creatures
  A water moccasin (D:6)
  The ghost of Rayvis the Chopper, an average DsFi (D:4)
  The ghost of Rayvis the Chopper, an average DsFi of Gozag (D:3)
  Sigmund (D:2)
  A giant frog (D:6)
  3 crimson imps
  An orc priest (D:6)
  6 orc wizards
  A hound (D:5)
  A centaur skeleton (D:5)
  A centaur zombie (D:5)
  2 iguanas
  A giant frog skeleton (D:6)
  Natasha (thrice) (D:4)
  9 worker ants
  A hound skeleton (D:5)
  A worker ant zombie (D:5)
  4 gnolls (D:5)
  7 adders
  A giant mite (D:1)
  2 shadow imps
  2 worms
  10 giant geckos
  An ooze (D:2)
  32 orcs
  3 ball pythons
  A bat zombie (D:6)
  11 giant cockroaches
  11 hobgoblins
  11 jackals
  11 kobolds
  9 bats
  A giant gecko skeleton (D:6)
  9 giant newts
  10 goblins
  4 rats
175 creatures vanquished.

Notes
Turn   | Place    | Note
--------------------------------------------------------------
     0 | D:1      | Zugr, the Minotaur Fighter, began the quest for the Orb.
     0 | D:1      | Reached XP level 1. HP: 19/19 MP: 1/1
   150 | D:1      | Reached XP level 2. HP: 26/26 MP: 1/1
   845 | D:2      | Reached XP level 3. HP: 31/31 MP: 2/2
   853 | D:2      | Reached skill level 4 in Unarmed Combat
  1196 | D:2      | Reached XP level 4. HP: 35/39 MP: 2/2
  1226 | D:2      | Found a shattered altar of Ashenzari.
  1368 | D:2      | Found an ancient bone altar of Kikubaaqudgha.
  1436 | D:2      | Reached skill level 5 in Unarmed Combat
  1449 | D:2      | Noticed Sigmund
  1735 | D:2      | Found a basalt altar of Yredelemnul.
  1736 | D:2      | Found a deep blue altar of Sif Muna.
  1741 | D:2      | Found a stormy altar of Qazlal.
  1882 | D:2      | Killed Sigmund
  1882 | D:2      | Reached skill level 6 in Unarmed Combat
  1882 | D:2      | Reached XP level 5. HP: 24/45 MP: 2/2
  2467 | D:3      | Noticed Rayvis' ghost (average DsFi)
  2477 | D:3      | Killed Rayvis' ghost
  2477 | D:3      | Reached skill level 7 in Unarmed Combat
  2477 | D:3      | Reached XP level 6. HP: 30/51 MP: 3/3
  3173 | D:4      | Noticed Natasha
  3185 | D:4      | Killed Natasha
  3367 | D:4      | Noticed Natasha
  3377 | D:4      | Killed Natasha
  3382 | D:4      | Found a glowing silver altar of Zin.
  3531 | D:4      | Reached skill level 8 in Unarmed Combat
  3620 | D:4      | Reached XP level 7. HP: 36/57 MP: 3/3
  3810 | D:4      | Noticed Natasha
  3812 | D:4      | Killed Natasha
  3990 | D:4      | Found a radiant altar of Vehumet.
  4034 | D:4      | Noticed Rayvis' ghost (average DsFi)
  4045 | D:4      | Killed Rayvis' ghost
  4045 | D:4      | Reached skill level 9 in Unarmed Combat
  4401 | D:5      | Entered Level 5 of the Dungeon
  4749 | D:5      | Found Rikaonoeroc's Weapon Boutique.
  4784 | D:5      | Reached skill level 10 in Unarmed Combat
  5317 | D:5      | Reached skill level 1 in Dodging
  5317 | D:5      | Reached XP level 8. HP: 64/64 MP: 3/3
  6058 | D:6      | Found a staircase to the Ecumenical Temple.
  6059 | D:6      | Reached skill level 5 in Armour
  6088 | Temple   | Entered the Ecumenical Temple
  6127 | Temple   | Became a worshipper of Cheibriados the Contemplative
  6295 | D:6      | Noticed Anothat's ghost (experienced HOFi)
  6296 | D:6      | Noticed Edmund
  6307 | D:6      | HP: 2/64 [Edmund/wand of flame (2)]
  6308 | D:6      | Slain by Anothat's ghost

Action                   |  1- 3 |  4- 6 |  7- 9 || total
-------------------------+-------+-------+-------++-------
Melee: Unarmed           |   104 |   188 |   248 ||   540
  Use: Scroll            |     3 |       |     5 ||     8
       Potion            |       |       |     3 ||     3
  Eat: Chunk             |       |     5 |     3 ||     8
       Meat ration       |       |     1 |       ||     1
       Beef jerky        |       |       |     1 ||     1
       Royal jelly       |       |       |     1 ||     1
